 Dungeon Crawl Stone Soup version 0.28.0-47-ge53b351184 (webtiles) character file.

Game seed: 5204087452384446179

2088 hawla the Twirler (level 9, -7/47 HPs)
             Began as a Deep Elf Earth Elementalist on May 2, 2022.
             Was an Initiate of Vehumet.
             Killed from afar by Maggie (25 damage)
             ... with a bolt of fire
             ... on level 7 of the Dungeon.
             The game lasted 00:28:20 (9485 turns).

hawla the Twirler (Deep Elf Earth Elementalist)     Turns: 9485, Time: 00:28:20

Health: -7/47      AC:  9    Str:  7    XL:     9   Next: 6%
Magic:  4/17       EV: 14    Int: 23    God:    Vehumet [......]
Gold:   1108       SH:  0    Dex: 15    Spells: 11/16 levels left

rFire   . . .      SeeInvis .   g - +0 quarterstaff
rCold   . . .      Faith    .   (shield currently unavailable)
rNeg    . . .      Spirit   .   q - +2 robe {Archmagi}
rPois   .          Reflect  .   f - +1 helmet
rElec   .          Harm     .   (no cloak)
rCorr   .          Rampage  .   (no gloves)
Will    .....      Archmagi +   b - +2 pair of boots {Fly}
Stlth   ++........              a - amulet of regeneration
HPRegen 0.95/turn               (no ring)
MPRegen 0.15/turn               (no ring)

@: flying, mesmerised
A: no striking features
a: Renounce Religion


You were on level 7 of the Dungeon.
You worshipped Vehumet.
Vehumet was noncommittal.
You visited 2 branches of the dungeon, and saw 8 of its levels.

You collected 1265 gold pieces.
You spent 157 gold pieces at shops.

Inventory:

Hand Weapons
 g - a +0 quarterstaff (weapon)
Missiles
 c - 172 stones
 d - a curare-tipped dart
 i - 9 poisoned darts (quivered)
 n - 2 javelins
Armour
 b - a +2 pair of boots of flying (worn)
 f - a +1 helmet (worn)
 q - a +2 robe of the Archmagi (worn)
Jewellery
 a - an amulet of regeneration (around neck)
Wands
 h - a wand of flame (14)
Scrolls
 k - a scroll of identify
 p - a scroll of enchant weapon
Potions
 e - a potion of might
 j - 2 potions of curing
 m - a potion of ambrosia
 o - a potion of invisibility


   Skills:
 - Level 1.5 Fighting
 + Level 7.2 Staves
 - Level 6.0 Throwing
 - Level 5.2 Dodging
 - Level 2.7 Stealth
 - Level 4.1 Spellcasting
 - Level 1.2 Conjurations
 - Level 1.1 Transmutations
 - Level 1.0 Ice Magic
 - Level 5.2 Earth Magic
 - Level 2.5 Evocations


You had 11 spell levels left.
You knew the following spells:

 Your Spells              Type           Power      Damage    Failure   Level
a - Sandblast             Erth           84%        2d18      1%          1
b - Stone Arrow           Conj/Erth      58%        3d10      9%          3
c - Freeze                Ice            52%        1d7       7%          1

Your spell library contained the following spells:

 Spells                   Type           Power      Damage    Failure   Level
 Passwall                 Tmut/Erth      23%        N/A       4%          2
 Animate Skeleton         Necr           14%        N/A       11%         1
 Pain                     Necr           28%        1d5       11%         1
 Ensorcelled Hibernation  Hex/Ice        20%        N/A       13%         2
 Ignite Poison            Fire/Tmut/Pois 9%         N/A       26%         3
 Mephitic Cloud           Conj/Pois/Air  9%         N/A       26%         3
 Petrify                  Tmut/Erth      28%        N/A       28%         4
 Swiftness                Air            7%         N/A       30%         3
 Vampiric Draining        Necr           7%         2d6       30%         3
 Freezing Cloud           Conj/Ice/Air   6%         6-21      91%         5


Dungeon Overview and Level Annotations

Branches:
Dungeon (7/15)             Temple (1/1) D:4

Altars:
Ashenzari
Cheibriados
Dithmenos
Elyvilon
Fedhas
Gozag
Kikubaaqudgha
Makhleb
Nemelex Xobeh
Okawaru
Qazlal
Ru
Sif Muna
Trog
Uskayaw
Vehumet
Wu Jian
Xom
Yredelemnul
Zin
The Shining One

Shops:
D:4 [

Annotations:
D:6 2 transporters
D:7 Maggie


Message History

An orc comes into view. It is wielding a +0 hand axe.
Maggie says, "Leave now, and tell all of Margery's mercy!"
Casting: Stone Arrow (dangerous; 9% risk of failure)
Confirm with . or Enter, or press ? or * to list all spells.
Aiming: Stone Arrow (dangerous; 9% risk of failure)
Press: ? - help, Shift-Dir - straight line, f - Maggie
Aim: Maggie, wielding a +2 halberd of pain and wearing +0 swamp dragon scales (mesmerising, 75% to hit)
You feel a surge of power!
The stone arrow misses Maggie.
Maggie barely misses you.
Okay, then.
Okay, then.
Okay, then.
Casting: Stone Arrow (dangerous; 9% risk of failure)
Confirm with . or Enter, or press ? or * to list all spells.
Aiming: Stone Arrow (dangerous; 9% risk of failure)
Press: ? - help, Shift-Dir - straight line, f/p - Maggie
Aim: Maggie, wielding a +2 halberd of pain and wearing +0 swamp dragon scales (mesmerising, 75% to hit)
You feel a surge of power!
The stone arrow hits Maggie!!
Maggie is moderately wounded.
Maggie misses you.
Casting: Stone Arrow (dangerous; 9% risk of failure)
Confirm with . or Enter, or press ? or * to list all spells.
Aiming: Stone Arrow (dangerous; 9% risk of failure)
Press: ? - help, Shift-Dir - straight line, f/p - Maggie
Aim: Maggie, wielding a +2 halberd of pain and wearing +0 swamp dragon scales (moderately wounded, mesmerising, 75% to hit)
You feel a surge of power!
The stone arrow hits Maggie!
Maggie is severely wounded.
The orc shouts!
Maggie hits you from afar with a +2 halberd of pain.
You writhe in agony.
Casting: Stone Arrow (dangerous; 9% risk of failure)
Confirm with . or Enter, or press ? or * to list all spells.
Aiming: Stone Arrow (dangerous; 9% risk of failure)
Press: ? - help, Shift-Dir - straight line, f/p - Maggie
Aim: Maggie, wielding a +2 halberd of pain and wearing +0 swamp dragon scales (severely wounded, mesmerising, 75% to hit)
You feel a surge of power!
The stone arrow misses Maggie.
Maggie gestures at you while chanting. The bolt of fire hits you!
The bolt of fire hits you!!
Ouch! That really hurt!
You die...

......##......##.......##
.... ##. #...##...# ...
.#...##.......# .
.....##......##
.............###
.#.............
####....#.#....
###.....##..##.
#..@..........
..........#......#
........@.#......#
.................
................#
................
...o...........
...........###.


You could see Maggie (mesmerising) and an orc.

Vanquished Creatures
  Sigmund (D:3)
  Menkaure (D:4)
  A water moccasin (D:6)
  Duvessa (D:4)
  2 ice beasts
  2 necrophages (D:5)
  An ogre (D:6)
  A phantom (D:6)
  A kobold brigand (D:5)
  2 bullfrogs
  2 scorpions
  A water moccasin zombie (D:6)
  Dowan (D:4)
  3 killer bees (D:5)
  2 hounds
  3 orc priests (D:4)
  Terence (D:2)
  A jelly (D:4)
  An iguana (D:6)
  Jessica (D:3)
  2 orc wizards
  A hound skeleton (D:4)
  Robin (D:2)
  7 adders
  3 gnolls (D:4)
  A howler monkey skeleton (D:7)
  A white imp (D:6)
  An adder skeleton (D:4)
  A worm (D:2)
  3 dart slugs
  7 orcs
  6 endoplasms
  2 giant cockroaches
  15 goblins
  10 hobgoblins
  2 jackals (D:1)
  A quokka (D:5)
  3 ball pythons
  6 bats
  4 frilled lizards (D:1)
  29 kobolds
  5 rats
140 creatures vanquished.

Vanquished Creatures (others)
  50 plants (D:5)
50 creatures vanquished.

Grand Total: 190 creatures vanquished

Notes
Turn   | Place    | Note
-------+----------+-------------------------------------------
     0 | D:1      | hawla the Deep Elf Earth Elementalist began the quest for
                  | the Orb.
     0 | D:1      | Reached XP level 1. HP: 10/10 MP: 6/6
   155 | D:1      | Reached XP level 2. HP: 15/15 MP: 6/8
   636 | D:1      | Reached XP level 3. HP: 19/19 MP: 5/10
   641 | D:1      | Learned a level 3 spell: Stone Arrow
   824 | D:1      | Found a faded altar of an unknown god.
  1255 | D:2      | Noticed Robin
  1257 | D:2      | Killed Robin
  1258 | D:2      | Reached skill level 1 in Conjurations
  1646 | D:2      | Reached XP level 4. HP: 22/24 MP: 0/12
  1767 | D:2      | Noticed Terence
  2217 | D:2      | Killed Terence
  2218 | D:2      | Reached skill level 5 in Earth Magic
  2270 | D:2      | HP: 1/24 [goblin/stone (4)]
  2950 | D:3      | Reached XP level 5. HP: 28/28 MP: 8/13
  3173 | D:3      | Noticed Jessica
  3178 | D:3      | Killed Jessica
  3179 | D:3      | Reached skill level 1 in Evocations
  3391 | D:3      | Reached skill level 1 in Throwing
  3804 | D:3      | Noticed Sigmund
  4120 | D:3      | Killed Sigmund
  4121 | D:3      | Reached skill level 1 in Fighting
  4121 | D:3      | Reached skill level 5 in Dodging
  4121 | D:3      | Reached XP level 6. HP: 34/34 MP: 4/14
  4234 | D:4      | Identified a scroll of acquirement
  4234 | D:4      | Acquired 1087 gold pieces
  4366 | D:4      | Noticed Duvessa
  4689 | D:4      | Found a staircase to the Ecumenical Temple.
  4693 | D:4      | Noticed Dowan
  4708 | D:4      | Killed Duvessa
  4709 | D:4      | Reached XP level 7. HP: 23/38 MP: 2/15
  4734 | D:4      | Found Sajotticy's Antique Armour Shop.
  4803 | D:4      | Bought a pair of glowing boots for 157 gold pieces
  4856 | D:4      | Noticed Menkaure
  5108 | D:4      | Killed Dowan
  5445 | Temple   | Entered the Ecumenical Temple
  5727 | Temple   | Became a worshipper of Vehumet
  6148 | D:4      | Killed Menkaure
  6149 | D:4      | Reached skill level 1 in Staves
  6149 | D:4      | Reached skill level 5 in Throwing
  6231 | D:5      | Entered Level 5 of the Dungeon
  6449 | D:5      | Reached skill level 2 in Staves
  6449 | D:5      | Reached XP level 8. HP: 41/43 MP: 9/16
  6807 | D:5      | Reached skill level 3 in Staves
  7022 | D:5      | Reached skill level 4 in Staves
  7049 | D:5      | Reached * piety under Vehumet
  7049 | D:5      | Offered knowledge of Freeze by Vehumet.
  7805 | D:6      | Found a transporter.
  7820 | D:6      | Reached skill level 5 in Staves
  8019 | D:6      | Learned a level 1 spell: Freeze
  8274 | D:6      | Found a transporter.
  8407 | D:6      | Reached skill level 6 in Staves
  8407 | D:6      | Reached skill level 1 in Ice Magic
  9171 | D:6      | Reached skill level 7 in Staves
  9171 | D:6      | Reached XP level 9. HP: 47/47 MP: 10/17
  9470 | D:7      | Noticed Maggie
  9485 | D:7      | Killed from afar by Maggie

Illustrated notes

Levels and vault maps discovered:
D:1:      dpeg_arrival_more_subterranean_lakeside_camping, layout_basic,
          shapermc_ecumenical_altar_venn, minmay_pentomino_v2
D:2:      layout_basic, uniq_terence, uniq_robin
D:3:      layout_basic, minmay_misc_feat_hallway, uniq_jessica, uniq_sigmund
D:4:      layout_basic, minmay_temple_entry_mist, serial_shops,
          nicolae_shop_stone, uniq_menkaure, uniq_duvessa
D:5:      kennysheep_kobold_camp, layout_basic, kennysheep_another_room
D:6:      gammafunk_cloud_chamber, layout_basic
D:7:      layout_cave_pools, uniq_maggie
Temple:   regret_index_temple_sigil_plot

Skill      XL: |  1  2  3  4  5  6  7  8 |
---------------+-------------------------+-----
Earth Magic    | 4 5 |  5.2
Spellcasting   | 4 |  4.1
Conjurations   | 1 |  1.2
Dodging        | 5 |  5.2
Evocations     | 1 2 |  2.5
Throwing       | 1 2 5 6 |  6.0
Fighting       | 1 |  1.5
Staves         | 2 7 |  7.2
Ice Magic      | 1 |  1.0
Stealth        | |  2.7
Transmutations | |  1.1

Action                   |  1- 3 |  4- 6 |  7- 9 || total
-------------------------+-------+-------+-------++-------
Melee: Unarmed           |    10 |     2 |    13 ||    25
       Quarterstaff      |       |       |   110 ||   110
Throw: Dart              |       |       |     4 ||     4
 Cast: Sandblast         |    39 |    17 |     9 ||    65
       Stone Arrow       |    16 |    37 |    67 ||   120
Evoke: Wand              |       |     3 |       ||     3
  Use: Scroll            |     2 |     7 |    10 ||    19
       Potion            |       |     2 |     1 ||     3
 Stab: Sleeping          |       |       |     2 ||     2
       Distracted        |       |       |     1 ||     1
Armor: Robe              |     4 |     8 |    62 ||    74
       Skin              |       |    12 |       ||    12
Dodge: Dodged            |    18 |    28 |   133 ||   179
